Map: [ESL] Data-C

Players

Spirit

  • Race: Terran Terran
  • Spawn Location: 3:00

HeroMarine - Winner!

  • Race: Terran Terran
  • Spawn Location: 9:00

Event: DreamHack SC2 Masters 2022 Valencia

VOD

Have the link to the VOD?

Description

Time

  • Played on: July 2, 2022, 7:32 a.m.
  • Length: 16:44

All games in this series

Show
View Real Time Build Order
Export as new Build Order

Spirit Terran 

Build Orders:  

Get SALT Encoding   

  12  0:00  SCV  
  13  0:12  SCV  
  14  0:17  Supply Depot  
  14  0:24  SCV  
  15  0:38  SCV  
  15  0:39  Barracks  
  16  0:43  Refinery  
  16  0:50  SCV  
  16  0:54  Refinery  
  17  1:02  SCV  
  18  1:14  SCV  
  19  1:27  Orbital Command, Reaper  
  19  1:31  Supply Depot  
  20  1:42  Factory  
  20  1:53  SCV  
  21  1:59  Reaper  
  22  2:05  SCV  
  23  2:18  Command Center  
  23  2:19  SCV  
  24  2:26  Hellion  
  26  2:31  SCV, Barracks Reactor  
  27  2:40  Supply Depot  
  27  2:43  SCV  
  28  2:47  Hellion  
  30  2:53  Starport  
  30  2:55  SCV  
  31  3:07  Marine  
  31  3:08  Marine  
  31  3:10  Factory Tech Lab  
  31  3:11  SCV  
  34  3:23  SCV  
  34  3:24  Refinery  
  34  3:25  Marine x2  
  37  3:32  Orbital Command  
  37  3:35  Raven  
  37  3:36  SCV, Factory Tech Lab  
  40  3:45  Supply Depot  
  40  3:48  SCV, Marine x2  
  43  3:57  Cyclone  
  43  4:00  SCV  
  43  4:01  SCV  
  48  4:07  Marine x2  
  50  4:12  SCV  
  50  4:13  SCV  
  50  4:14  Supply Depot  
  52  4:17  Barracks  
  52  4:21  Raven  
  54  4:25  SCV x2  
  54  4:30  Cyclone  
  59  4:37  SCV  
  59  4:38  SCV, Supply Depot  
  63  4:49  SCV  
  63  4:52  SCV  
  65  4:57  Command Center  
  61  5:01  SCV  
  61  5:04  SCV, Siege Tank  
  66  5:13  SCV, Starport Reactor  
  67  5:15  Marine x2, Stimpack  
  67  5:16  SCV, Marine  
  71  5:22  Supply Depot  
  71  5:25  SCV  
  72  5:28  SCV  
  72  5:33  Supply Depot  
  72  5:34  Refinery  
  71  5:36  Siege Tank  
  71  5:38  SCV  
  71  5:40  SCV  
  74  5:44  Marine  
  75  5:50  SCV, Supply Depot  
  75  5:52  SCV, Medivac  
  79  6:01  Medivac  
  79  6:02  Marine x3  
  78  6:08  Bunker, SCV, Siege Tank  
  82  6:14  Orbital Command  
  82  6:16  SCV  
  83  6:20  SCV, Marine x3  
  87  6:30  Engineering Bay  
  87  6:31  SCV  
  87  6:32  Engineering Bay  
  88  6:37  Marine x2  
  88  6:38  Marine  
  90  6:40  Siege Tank  
  90  6:45  Barracks  
  91  6:52  Viking  
  92  6:55  Marine x3  
  92  7:00  SCV  
  96  7:05  SCV  
  95  7:13  Siege Tank, Marine x3  
  96  7:18  SCV  
  59  7:31  Marine x3  
  46  7:44  SCV  
  46  7:45  Siege Tank  
  46  7:49  Marine x3  
  50  7:52  SCV  
  50  7:55  Combat Shield  
  50  7:56  SCV, Marine  
  53  8:04  SCV  
  58  8:07  Supply Depot  
  58  8:08  SCV  
  58  8:10  Barracks  
  58  8:14  Marine  
  58  8:16  SCV  
  61  8:20  SCV  
  61  8:26  Siege Tank  
  59  8:28  SCV  
  59  8:29  Marine  
  59  8:30  Barracks  
  59  8:31  Barracks  
  59  8:32  Marine  
  59  8:33  SCV  
  63  8:40  SCV  
  64  8:45  SCV  
  64  8:46  Orbital Command  
  64  8:47  Marine  
  51  8:49  Marine  
  52  8:56  Starport  
  52  8:58  SCV  
  52  8:59  SCV  
  54  9:07  Marine  
  53  9:10  SCV  
  53  9:11  SCV  
  53  9:16  SCV  
  56  9:21  Barracks Reactor  
  56  9:23  SCV  
  57  9:24  SCV  
  57  9:28  Terran Infantry Weapons Level 1  
  57  9:30  Terran Infantry Armor Level 1  
  58  9:32  Barracks Reactor  
  58  9:33  Starport Reactor  
  58  9:38  SCV x3  
  61  9:44  Orbital Command  
  61  9:45  Barracks Reactor  
  61  9:50  SCV x2  
  61  9:52  Siege Tank  
  66  9:55  Marine x3  
  66  9:58  Marine  
  68  10:02  SCV x2  
  68  10:06  Marine  
  68  10:09  SCV  
  68  10:13  Marine x3  
  72  10:14  SCV x2  
  72  10:16  Viking  
  72  10:17  Viking  
  78  10:21  SCV  
  78  10:23  Marine  
  78  10:26  SCV x2, Marine  
  83  10:30  Marine x3  
  83  10:32  Marine  
  83  10:33  SCV  
  83  10:35  Marine x2  
  88  10:38  SCV, Armory  
  88  10:39  SCV, Marine  
  93  10:45  SCV  
  93  10:46  Refinery  
  93  10:47  Refinery  
  93  10:48  Supply Depot  
  94  10:50  SCV, Supply Depot  
  94  10:53  SCV  
  94  10:55  Marine x2  
  98  10:58  SCV  
  98  11:02  Marine x4  
  98  11:03  SCV  
  104  11:05  SCV, Marine x2  
  104  11:10  SCV  
  104  11:11  Viking  
  110  11:17  Marine  
  109  11:18  Viking  
  109  11:19  Marine  
  109  11:24  SCV x2  
  109  11:25  Marine  
  117  11:26  SCV, Supply Depot  
  117  11:30  Refinery x2  
  118  11:34  Terran Infantry Weapons Level 2  
  118  11:38  Terran Infantry Armor Level 2  
  116  11:41  SCV x2  
  116  11:43  Marine x5  
  116  11:44  Marine x2  
  125  11:50  Sensor Tower  
  125  11:51  Marine x2  
  127  11:54  Supply Depot  
  127  11:58  SCV  
  127  12:01  Marine x3  
  128  12:03  Marine  
  128  12:11  Marine  
  128  12:13  Marine x4  
  125  12:18  Marine  
  125  12:19  Marine x2  
  125  12:21  Liberator  
  130  12:25  Liberator  
  130  12:26  Marine  
  130  12:29  Marine  
  133  12:30  Marine x2  
  125  12:39  Marine  
  125  12:41  Siege Tank, Marine  
  125  12:42  Marine x3  
  125  12:43  Marine  
  128  12:47  Marine  
  128  12:48  Marine x2  
  130  12:57  Orbital Command, Marine  
  131  12:59  Marine  
  131  13:00  Marine  
  131  13:04  Marine  
  133  13:11  Marine  
  132  13:14  Marine  
  132  13:15  Siege Tank  
  132  13:19  Marine  
  133  13:20  Marine  
  133  13:21  Marine x2  
  133  13:24  Marine  
  133  13:25  Marine  
  133  13:34  Marine  
  126  13:37  Marine  
  126  13:38  Marine x2  
  126  13:41  Marine  
  119  13:43  Medivac x2  
  119  13:45  Marine x2  
  119  13:47  Marine  
  125  13:56  Marine x2  
  125  13:58  Marine  
  125  13:59  Marine  
  129  14:04  Marine  
  129  14:09  Marine  
  131  14:10  Marine  
  131  14:11  Marine  
  131  14:16  Medivac x2, Marine x4  
  132  14:17  Marine  
  132  14:21  Marine  
  126  14:27  Marine  
  126  14:29  Siege Tank  
  129  14:31  Marine x2  
  129  14:38  Marine x4  
  133  14:55  Supply Depot  
  133  14:56  Supply Depot, Marine  
  133  14:57  Marine x2  
  133  14:58  Marine  
  133  14:59  Marine  
  132  15:06  Marine  
  128  15:08  Marine  
  128  15:09  Marine  
  128  15:11  Marine  
  117  15:14  Marine  
  117  15:15  Marine x2  
  117  15:16  Marine x2  
  120  15:23  Marine  
  120  15:26  Marine  
  120  15:27  Marine  
  116  15:29  Marine  
  116  15:32  Marine  
  116  15:33  Marine x2  
  116  15:34  Marine x2  
  121  15:39  Factory  
  121  15:49  Marine  
  116  15:51  Marine  
  116  15:53  Marine  
  116  15:55  Marine x5  
  107  16:00  Marine  
  102  16:07  SCV x2  
  103  16:11  Marine  
  103  16:15  Marine  
  97  16:18  Marine  
Show
View Real Time Build Order
Export as new Build Order

HeroMarine Terran - Winner!

Build Orders:  

Get SALT Encoding   

  12  0:00  SCV  
  13  0:12  SCV  
  14  0:17  Supply Depot  
  14  0:24  SCV  
  15  0:38  SCV  
  15  0:39  Barracks  
  16  0:43  Refinery  
  16  0:50  SCV  
  16  0:52  Refinery  
  17  1:02  SCV  
  18  1:15  SCV  
  19  1:27  Orbital Command, Reaper  
  19  1:32  Supply Depot  
  20  1:43  Factory  
  20  1:52  SCV  
  21  1:59  Barracks Reactor  
  21  2:04  SCV  
  22  2:16  SCV  
  22  2:22  Command Center  
  23  2:28  Hellion, SCV  
  26  2:35  Reaper x2  
  28  2:41  Supply Depot  
  28  2:43  SCV  
  29  2:49  Hellion  
  31  2:58  Starport  
  31  3:02  SCV  
  32  3:07  Marine x2  
  32  3:12  Factory Tech Lab  
  34  3:14  SCV  
  35  3:21  Refinery  
  35  3:25  Marine x2  
  35  3:26  SCV  
  38  3:36  Orbital Command  
  38  3:37  Factory Tech Lab  
  38  3:39  SCV  
  39  3:41  Raven  
  39  3:45  Marine  
  39  3:47  Marine  
  43  3:51  SCV  
  44  3:56  Siege Tank  
  47  4:03  SCV x2  
  51  4:15  SCV x2  
  51  4:16  Supply Depot  
  51  4:21  Supply Depot  
  51  4:24  Raven  
  51  4:27  SCV  
  54  4:38  SCV, Siege Tank  
  58  4:39  SCV  
  59  4:47  Command Center  
  59  4:50  SCV  
  59  4:51  SCV  
  59  4:52  Marine x2  
  61  4:56  Supply Depot  
  63  5:02  SCV  
  63  5:03  SCV  
  65  5:09  Refinery  
  65  5:10  Siege Tank  
  68  5:16  Viking  
  68  5:17  Viking  
  68  5:20  Supply Depot  
  68  5:21  SCV  
  73  5:22  SCV  
  73  5:24  Stimpack  
  73  5:26  Marine  
  75  5:33  SCV  
  75  5:34  SCV  
  74  5:45  SCV  
  74  5:46  Viking, SCV, Siege Tank  
  74  5:48  Viking  
  81  5:57  SCV  
  81  5:58  SCV  
  81  6:01  Marine  
  80  6:09  SCV  
  80  6:10  SCV  
  80  6:11  Orbital Command  
  80  6:16  Viking  
  81  6:18  Viking  
  81  6:19  Marine  
  81  6:21  SCV  
  81  6:24  SCV  
  83  6:33  SCV  
  83  6:36  SCV  
  85  6:45  SCV x2  
  85  6:46  Viking  
  89  6:48  Viking, SCV  
  92  6:58  SCV x2, Marine  
  92  7:00  SCV  
  96  7:04  Siege Tank  
  98  7:10  SCV  
  98  7:13  Orbital Command  
  86  7:22  Viking  
  74  7:25  Orbital Command  
  61  7:36  Siege Tank  
  56  7:49  Marine  
  54  7:57  SCV x2  
  56  8:00  Barracks  
  56  8:02  Barracks  
  56  8:04  Viking  
  58  8:06  Marine  
  58  8:09  SCV x2  
  61  8:21  SCV  
  61  8:22  Factory Tech Lab  
  61  8:25  Supply Depot x2  
  61  8:26  Marine  
  64  8:31  Orbital Command  
  64  8:33  SCV  
  64  8:34  Viking  
  66  8:43  Engineering Bay, Marine  
  66  8:45  Bunker, SCV  
  57  8:50  Siege Tank  
  57  8:52  Marine x2  
  62  8:57  SCV x2  
  62  9:01  Marine  
  63  9:09  Starport Reactor  
  63  9:10  Marine x2, Terran Infantry Weapons Level 1  
  63  9:11  SCV  
  63  9:13  SCV  
  67  9:19  Marine  
  67  9:23  SCV  
  69  9:25  SCV  
  69  9:27  Siege Tank  
  69  9:28  Marine x2  
  69  9:29  Refinery  
  75  9:37  Marine  
  76  9:38  Combat Shield  
  76  9:40  Engineering Bay  
  76  9:41  SCV x2  
  78  9:46  Marine  
  79  9:53  SCV  
  79  9:54  SCV  
  79  9:55  Marine  
  82  10:01  Siege Tank  
  82  10:04  Starport Reactor  
  82  10:06  SCV, Barracks Reactor  
  86  10:10  Barracks  
  86  10:11  Barracks  
  86  10:13  Marine  
  88  10:14  Marine x2, Terran Infantry Armor Level 1  
  89  10:30  Command Center  
  89  10:33  Siege Tank  
  94  10:43  Supply Depot x2  
  94  10:47  Medivac  
  94  10:53  Medivac, Marine x5  
  101  11:00  Barracks Reactor x2  
  101  11:03  Supply Depot  
  101  11:11  Marine x2  
  103  11:14  Siege Tank  
  103  11:16  Medivac  
  103  11:17  Marine  
  103  11:18  Marine x2  
  111  11:28  Marine x2  
  111  11:30  Medivac  
  115  11:34  Supply Depot  
  115  11:35  Marine  
  115  11:36  Marine x2  
  115  11:39  Marine x3  
  121  11:40  Marine  
  121  11:43  Orbital Command  
  121  11:46  Medivac, Marine  
  125  11:49  Siege Tank  
  125  11:51  Marine  
  129  11:58  Marine x2  
  129  11:59  Marine x2  
  133  12:06  Medivac  
  133  12:11  Orbital Command  
  133  12:12  Marine x2  
  133  12:13  Marine  
  133  12:15  SCV  
  121  12:16  SCV, Medivac  
  123  12:25  Marine x2  
  123  12:27  Siege Tank  
  128  12:31  Marine  
  128  12:37  Viking  
  123  12:44  SCV  
  126  12:56  Marine x2  
  126  12:57  Marine  
  127  12:59  Siege Tank  
  127  13:00  Marine x2  
  132  13:09  Marine x2  
  134  13:16  Liberator  
  134  13:17  Liberator  
  134  13:18  Marine  
  134  13:19  Marine  
  142  13:21  Marine  
  140  13:30  Marine x2  
  140  13:31  Marine  
  140  13:33  Siege Tank  
  144  13:34  Marine  
  144  13:36  Marine  
  144  13:40  Marine  
  143  13:42  Armory, Marine x2  
  143  13:44  Marine  
  146  13:59  Viking, Marine  
  149  14:09  Supply Depot  
  149  14:10  Viking, Siege Tank, Marine x2  
  155  14:19  Marine x2  
  155  14:21  Marine  
  155  14:22  Marine  
  157  14:25  Marine  
  157  14:29  Marine x2  
  157  14:32  Marine x2  
  160  14:40  Marine  
  160  14:43  Siege Tank  
  163  14:52  Marine x3  
  159  14:53  Marine  
  159  14:54  Marine x2  
  159  14:55  Marine x2  
  159  14:57  Medivac  
  159  14:58  Marine  
  170  15:00  Medivac  
  166  15:10  Marine x3  
  166  15:11  Marine  
  166  15:12  Marine x2  
  166  15:13  Marine x2  
  163  15:27  Medivac  
  165  15:29  Marine x2  
  165  15:30  Medivac  
  165  15:32  Marine  
  170  15:37  Marine x3  
  167  15:47  Marine x2  
  167  15:49  Siege Tank, Marine  
  166  15:50  Marine  
  166  15:55  Marine  
  166  15:56  Marine x2  
  164  16:00  Medivac  
  164  16:02  Marine  
  166  16:08  Medivac  
  166  16:09  Marine x2  
  167  16:13  Marine  
  166  16:18  Marine  
  166  16:19  Marine  

Tags
 
Add a new tag
Caveats
  • Supply blocks, unpowered buildings, or Contaminate may cause inaccurate times.
  • Supply counts are checked every 10 seconds.